 Dungeon Crawl Stone Soup version 0.29-a0-322-g68df515 (webtiles) character file.

Game seed: 17163227651231678420

1076 Toastz the Cleaver (level 8, -1/70 HPs)
             Began as a Minotaur Berserker on Apr 6, 2022.
             Was a Believer of Trog.
             Succumbed to a killer bee's poison
             ... on level 5 of the Dungeon.
             The game lasted 00:09:11 (4193 turns).

Toastz the Cleaver (Minotaur Berserker)             Turns: 4193, Time: 00:09:11

Health: -1/70      AC:  7    Str: 25    XL:     8   Next: 8%
Magic:  7/7        EV: 10    Int:  4    God:    Trog [**....]
Gold:   61         SH:  2    Dex:  9    Spells: 7/7 levels left

rFire   . . .      SeeInvis .   a - +0 hand axe
rCold   . . .      Faith    .   c - +0 buckler
rNeg    . . .      Spirit   .   x - +0 scale mail
rPois   .          Reflect  .   (helmet restricted)
rElec   .          Harm     .   (no cloak)
rCorr   .          Rampage  .   (no gloves)
Will    +....                   (no boots)
Stlth   ..........              (no amulet)
HPRegen 0.21/turn               o - ring of willpower
MPRegen 0.10/turn               (no ring)

@: lethally poisoned (-1 -> -27), on berserk cooldown, slowed, very slow
A: horns 2, retaliatory headbutt
a: Renounce Religion, Berserk, Trog's Hand


You were on level 5 of the Dungeon.
You worshipped Trog.
Trog was pleased with you.
You visited 1 branch of the dungeon, and saw 5 of its levels.

You collected 175 gold pieces.
You spent 114 gold pieces at shops.

Inventory:

Hand Weapons
 a - a +0 hand axe (weapon)
Missiles
 j - 8 poisoned darts (quivered)
 k - 117 stones
Armour
 c - a +0 buckler (worn)
 x - a +0 scale mail (worn)
Jewellery
 h - a ring of ice
 o - a ring of willpower (left hand)
Wands
 v - a wand of iceblast (6)
Scrolls
 b - 3 scrolls of enchant armour
 d - 3 scrolls of teleportation
 e - 2 scrolls of fear
 f - a scroll of brand weapon
 g - 3 scrolls of immolation
 l - a scroll of magic mapping {unknown}
 n - a scroll of amnesia {unknown}
 q - a scroll of blinking {unknown}
 t - a scroll of enchant weapon
 w - 2 scrolls of fog
Potions
 i - a potion of berserk rage {unknown}
 m - 3 potions of might
 r - a potion of flight
 s - 3 potions of curing
 u - a potion of cancellation {unknown}


   Skills:
 + Level 6.1 Fighting
 + Level 10.2 Axes
 + Level 4.2 Armour
 - Level 2.1 Dodging


You had 7 spell levels left.
You didn't know any spells.
Your spell library was empty.

Dungeon Overview and Level Annotations

Branches:
Dungeon (5/15)
 Temple: D:4-7

Altars:
Fedhas
Uskayaw
Yredelemnul

Shops:
D:3 *


Innate Abilities, Weirdness & Mutations

You have a pair of horns on your head.
You reflexively headbutt those who attack you in melee.


Message History

You closely miss the killer bee. You miss the killer bee.
You feel sick.
The killer bee stings you. x3; The killer bee completely misses you.
Okay, then.
The killer bee attacks as you move away!
The killer bee stings you but does no damage.
The killer bee attacks as you move away!
The killer bee stings you but does no damage.
You feel sick. The killer bee completely misses you. The killer bee stings you.
* * * LOW HITPOINT WARNING * * *
You are more poisoned.
The killer bee poisons you! The killer bee stings you!
* * * LOW HITPOINT WARNING * * *
You are lethally poisoned!
The killer bee poisons you! The killer bee stings you.
* * * LOW HITPOINT WARNING * * *
You are more poisoned.
The killer bee poisons you! The killer bee stings you.
* * * LOW HITPOINT WARNING * * *
An ogre comes into view. It is wielding a +0 giant club.
The killer bee attacks as you move away!
The killer bee stings you.
* * * LOW HITPOINT WARNING * * *
The killer bee attacks as you move away!
The killer bee stings you but does no damage.
You feel a strong urge to attack something.
* * * LOW HITPOINT WARNING * * *
You feel very sick. The killer bee barely misses you.
You are too berserk!
Unknown command.
* * * LOW HITPOINT WARNING * * *
You feel very sick.
The killer bee attacks as you move away!
The killer bee stings you but does no damage.
The killer bee attacks as you move away!
The killer bee misses you.
You feel your anger nearly subside.
You are no longer berserk.
You are exhausted.
You feel yourself slow down.
You die...

...##.#.###..............#
..)#..#...............#..#
.................^.##.#.##
.###...............#..#..##
#...#........#......>..#
####...#.......###.......##
.......###.....####......#
......####....y#.#......##
.......†.....yy.@<.##.#..#
.....##..#....y..[))..#.##
.....####..........)...##
y..... #......#..##...#
...... .O..#.###..#...##
y.(..#....##.#........#
...y##.........PPP....#
.(yy .........P.PPP...#
.PP...P...#


You could see 4 killer bees.

Vanquished Creatures
  Pikel (D:3)
  A water moccasin (D:3)
  A sky beast (D:4)
  2 lemures (D:4)
  A gnoll sergeant (D:5)
  A killer bee (D:5)
  An orc priest (D:4)
  Ijyb (D:4)
  A jelly (D:4)
  An iguana (D:4)
  An orc wizard (D:4)
  6 gnolls
  4 adders
  An ufetubus (D:5)
  A dart slug (D:2)
  3 orcs
  3 endoplasms
  10 giant cockroaches
  7 goblins
  8 hobgoblins
  10 jackals
  2 kobolds
  5 quokkas
  5 ball pythons
  4 bats
  3 frilled lizards (D:1)
  2 rats
86 creatures vanquished.

Vanquished Creatures (others)
  8 fungi (D:4)
  2 plants (D:4)
10 creatures vanquished.

Grand Total: 96 creatures vanquished

Notes
Turn   | Place    | Note
-------+----------+-------------------------------------------
     0 | D:1      | Toastz the Minotaur Berserker began the quest for the Orb.
     0 | D:1      | Reached XP level 1. HP: 19/19 MP: 0/0
    19 | D:1      | Reached skill level 4 in Axes
    19 | D:1      | Reached XP level 2. HP: 27/27 MP: 1/1
   708 | D:1      | Reached XP level 3. HP: 33/33 MP: 2/2
   739 | D:1      | Found a faded altar of an unknown god.
  1059 | D:2      | Reached skill level 5 in Axes
  1165 | D:2      | Reached ** piety under Trog
  1421 | D:2      | Reached XP level 4. HP: 39/41 MP: 3/3
  1936 | D:3      | Found Nasokarpha's General Store.
  1944 | D:3      | Bought a scroll of identify for 24 gold pieces
  1952 | D:3      | Bought a scroll of enchant weapon for 90 gold pieces
  1983 | D:3      | Found a basalt altar of Yredelemnul.
  2411 | D:3      | Reached skill level 6 in Axes
  2722 | D:4      | Reached skill level 5 in Fighting
  2722 | D:4      | Reached XP level 5. HP: 48/48 MP: 4/4
  2779 | D:4      | Found a hide-covered altar of Uskayaw.
  2932 | D:4      | Noticed Ijyb
  2946 | D:4      | Killed Ijyb
  3226 | D:4      | Noticed a lemure
  3226 | D:4      | Noticed a lemure
  3226 | D:4      | Noticed Pikel
  3269 | D:4      | Killed a lemure
  3273 | D:4      | Killed a lemure
  3280 | D:4      | Noticed a water moccasin
  3288 | D:3      | Killed a water moccasin
  3289 | D:3      | Reached skill level 7 in Axes
  3289 | D:3      | Reached XP level 6. HP: 43/57 MP: 5/5
  3421 | D:3      | Killed Pikel
  3422 | D:3      | Reached skill level 9 in Axes
  3422 | D:3      | Reached XP level 7. HP: 63/63 MP: 6/6
  3530 | D:4      | Found a blossoming altar of Fedhas.
  3763 | D:5      | Entered Level 5 of the Dungeon
  3839 | D:5      | Reached skill level 10 in Axes
  3839 | D:5      | Reached XP level 8. HP: 59/70 MP: 7/7
  4192 | D:5      | HP: 3/105 [poisoned by a killer bee]
  4193 | D:5      | Succumbed to a killer bee's poison

Illustrated notes

Levels and vault maps discovered:
D:1:      mrwooster_arrival_arrow, layout_basic, basic_ecumenical_altar
D:2:      layout_rooms, serial_co_window_serial, co_window_paths_a,
          co_window_corner_a, co_window_paths_a, co_window_paths_b,
          co_window_paths_a, co_window_broadway_a, co_window_broadway_c,
          co_window_of_opportunity_b, co_window_corner_b, glass_columns_b,
          glass_columns_b, glass_columns_c, glass_columns_c, minivault_19
D:3:      layout_rooms, lemuel_doored_altar, serial_shops, shop
D:4:      layout_rooms, fedhas_altar_3, eat_drink_and_be_merry_uskayaw,
          uniq_pikel, uniq_ijyb
D:5:      layout_cave_pools, kennysheep_mini, gammafunk_ghost_grave,
          dreamdust_mushroom_princess

Skill      XL: |  1  2  3  4  5  6  7 |
---------------+----------------------+-----
Axes           | 4 5 6 7 9 10 | 10.2
Fighting       | 4 5 6 |  6.1
Armour         | 4 |  4.2
Dodging        | |  2.1

Action                   |  1- 3 |  4- 6 |  7- 9 || total
-------------------------+-------+-------+-------++-------
Melee: Hand axe          |    61 |    81 |    43 ||   185
       Headbutt          |     8 |    12 |     6 ||    26
       Punch             |       |     1 |       ||     1
Throw: Dart              |     9 |    35 |     5 ||    49
Invok: Berserk           |     2 |     6 |     3 ||    11
       Trog's Hand       |       |     1 |       ||     1
  Use: Scroll            |     1 |       |     8 ||     9
Armor: Leather armour    |    16 |     1 |       ||    17
       Animal skin       |     2 |       |       ||     2
       Ring mail         |       |    17 |       ||    17
       Scale mail        |       |     1 |    25 ||    26
Dodge: Dodged            |    34 |    44 |    33 ||   111

Table legend: (Time is in decaauts)
 A = Elapsed time spent in this place.
 B = Non-inter-level travel time spent in this place.
 C = Inter-level travel time spent in this place.
 D = Time resting spent in this place.
 E = Time spent auto-exploring this place.
 F = Levels seen in this place.
 G = Mean time per level.
                   A        B        C        D        E       F      G
               +--------+--------+--------+--------+--------+-----+--------+
         Total |   4283 |   4107 |    176 |   1151 |   2318 |   5 |  856.6 |
       Dungeon |   4283 |   4107 |    176 |   1151 |   2318 |   5 |  856.6 |
               +--------+--------+--------+--------+--------+-----+--------+

Top non-repeatable levels by time:
     D:4: 1307 daAuts
     D:3: 1036 daAuts
     D:1: 982 daAuts
     D:2: 844 daAuts
     D:5: 113 daAuts
